 Dungeon Crawl Stone Soup version 0.28-a0-1130-gc51a68064b (webtiles) character file.

Game seed: 16297191274099498378

661 Zonian the Grave Robber (level 7, -2/46 HPs)
             Began as a Demonspawn Necromancer on Dec 13, 2021.
             Slain by an ogre (26 damage)
             ... on level 5 of the Dungeon.
             The game lasted 00:11:02 (6982 turns).

Zonian the Grave Robber (Demonspawn Necromancer)    Turns: 6982, Time: 00:11:02

Health: -2/46      AC:  6    Str:  8    XL:     7   Next: 30%
Magic:  12/12      EV: 12    Int: 19    God:
Gold:   75         SH:  4    Dex: 13    Spells: 9/13 levels left

rFire   . . .      SeeInvis .   v - +0 spear (venom)
rCold   . . .      Faith    .   b - +0 buckler
rNeg    . . .      Spirit   .   a - +0 robe
rPois   +          Reflect  .   (no helmet)
rElec   .          Harm     .   s - +0 cloak
rCorr   .          Rampage  .   (no gloves)
Will    .....                   g - +0 pair of boots
Stlth   ++........              t - amulet of regeneration
HPRegen 0.95/turn               w - ring of poison resistance
MPRegen 0.13/turn               (no ring)

@: studying Short Blades
A: slimy green scales 1, foul stench 1, demonic touch 1
a: no special abilities


You were on level 5 of the Dungeon.
You visited 2 branches of the dungeon, and saw 6 of its levels.

You collected 186 gold pieces.
You spent 111 gold pieces at shops.

Inventory:

Hand Weapons
 d - a +0 short sword
 i - a +3 short sword
 v - a +0 spear of venom (weapon)
Missiles
 k - 10 sling bullets
Armour
 a - a +0 robe (worn)
 b - a +0 buckler (worn)
 f - a +0 leather armour
 g - a +0 pair of boots (worn)
 m - a +0 leather armour
 s - a +0 cloak (worn)
Magical Staves
 r - a staff of cold
Jewellery
 p - a ring of fire
 t - an amulet of regeneration (around neck)
 w - a ring of poison resistance (left hand)
Wands
 l - a wand of flame (12)
 q - a wand of mindburst (18)
Scrolls
 o - a scroll of magic mapping
Potions
 c - 2 potions of curing
 e - 2 potions of flight
 h - 3 potions of heal wounds
 j - 3 potions of attraction {unknown}
 n - a potion of resistance


   Skills:
 - Level 1.7 Short Blades
 + Level 1.2 Polearms
 + Level 3.7 Dodging
 - Level 2.8 Stealth
 + Level 2.3 Shields
 + Level 3.9 Spellcasting
 + Level 5.9 Necromancy


You had 9 spell levels left.
You knew the following spells:

 Your Spells              Type           Power      Damage    Failure   Level
a - Pain                  Necr           100%       1d9       1%          1
b - Vampiric Draining     Necr           26%        2d7       4%          3

Your spell library contained the following spells:

 Spells                   Type           Power      Damage    Failure   Level
 Animate Skeleton         Necr           52%        N/A       1%          1
 Animate Dead             Necr           13%        N/A       16%         4
 Blink                    Tloc           6%         N/A       26%         2
 Agony                    Necr           26%        N/A       38%         5
 Manifold Assault         Tloc           3%         N/A       99%         5
 Conjure Ball Lightning   Conj/Air       1%         3x3d6     100%        6
 Storm Form               Tmut/Air       1%         N/A       100%        7
 Discord                  Hex            1%         N/A       100%        8
 Disjunction              Tloc           1%         N/A       100%        8


Dungeon Overview and Level Annotations

Branches:
Dungeon (5/15)             Temple (1/1) D:4

Altars:
Ashenzari
Cheibriados
Dithmenos
Elyvilon
Fedhas
Gozag
Hepliaklqana
Makhleb
Nemelex Xobeh
Okawaru
Qazlal
Trog
Uskayaw
Xom

Shops:
D:4 [(*[


Innate Abilities, Weirdness & Mutations

You are partially covered in slimy green scales. (AC +2)
You may rarely emit foul miasma when damaged in melee.
Your touch may inflict minor irresistible damage on your foes.


Message History

You kill the hound!
You see here a hound corpse.
Unknown command.
There is a shadowy altar of Dithmenos here.
Unknown command.
Press < or > to pray at altars.
A hound comes into view.
A hound is nearby!
Unknown command.
The hound barks!
You hear a shout!
You barely miss the hound. The hound bites you.
You closely miss the hound. The hound barely misses you.
The hound closely misses you.
You hit the hound.
The hound is poisoned.
The hound is lightly wounded.
The hound completely misses you. You block the hound's attack.
You hit the hound.
The hound is lightly wounded.
The hound bites you but does no damage.
Unknown command.
The hound barely misses you.
You see here 14 gold pieces.
The ogre hits you with a +0 giant spiked club!!
Ouch! That really hurt!
Aiming: Mindburst
Press: ? - help, Shift-Dir - straight line, f - hound
Aim: a hound (moderately wounded, poisoned, chance to affect: 73%)
The hound's mind is blasted!
You blow up the hound!
Unknown command.
Okay, then.
You hit the ogre.
The ogre is poisoned.
The ogre is lightly wounded.
The ogre misses you.
Unknown command.
You hit the ogre.
The ogre is lightly wounded.
The ogre hits you with a +0 giant spiked club!!
Ouch! That really hurt!
You die...

###.##.##.#..# #. J.....
##.....##.#..# #.#(O...:
.............# #..##
##...........# ####..###
##........#..#.
#.......###
###########..#.###
#.........)
.............# ..#
#........##
.###########.# #.#
##........# .# ##§###@#
.##........## .#
##.§§##O###.##..........
.####
#§#§#§#.$...............
'...#
§§§_.§§.....###$........
..8...8. #§#§#§#.....#
#.######## #...#...
##.§§#......# #. ##.##
.# ##§#§......# # ..#
#....###### . 8...
......


You could see an ogre (very poisoned).

Vanquished Creatures
  Sigmund (D:3)
  A black bear (D:4)
  2 scorpions
  3 hounds
  An orc priest (D:5)
  A centaur skeleton (D:4)
  Jessica (D:3)
  A hound skeleton (D:4)
  3 adders
  A white imp (D:4)
  An adder skeleton (D:4)
  3 worms
  10 orcs
  3 endoplasms
  3 goblins
  8 hobgoblins
  4 jackals (D:2)
  3 quokkas
  7 ball pythons
  2 bats (D:3)
  7 frilled lizards
  10 kobolds
  2 rats (D:1)
78 creatures vanquished.

Notes
Turn   | Place    | Note
-------+----------+-------------------------------------------
     0 | D:1      | Zonian the Demonspawn Necromancer began the quest for the
                  | Orb.
     0 | D:1      | Reached XP level 1. HP: 13/13 MP: 3/3
   554 | D:1      | Gained mutation: You may rarely emit foul miasma when
                  | damaged in melee. [demonic ancestry]
   554 | D:1      | Reached XP level 2. HP: 16/19 MP: 1/5
  1491 | D:2      | Reached XP level 3. HP: 17/24 MP: 0/6
  3211 | D:3      | Found a faded altar of an unknown god.
  3320 | D:3      | Gained mutation: You are partially covered in slimy green
                  | scales. (AC +2) [demonic ancestry]
  3320 | D:3      | Reached XP level 4. HP: 15/30 MP: 2/8
  3670 | D:3      | Noticed Sigmund
  4024 | D:3      | Reached skill level 5 in Necromancy
  4433 | D:3      | Noticed Jessica
  4438 | D:3      | Killed Jessica
  4439 | D:3      | Gained mutation: Your touch may inflict minor irresistible
                  | damage on your foes. [demonic ancestry]
  4439 | D:3      | Reached XP level 5. HP: 32/35 MP: 5/9
  4506 | D:3      | Killed Sigmund
  4507 | D:3      | Reached skill level 1 in Short Blades
  4507 | D:3      | Reached skill level 1 in Shields
  4507 | D:3      | Reached XP level 6. HP: 32/41 MP: 2/10
  4980 | D:4      | Found a staircase to the Ecumenical Temple.
  5002 | Temple   | Entered the Ecumenical Temple
  5685 | D:4      | Found Gama's Antique Armour Boutique.
  5738 | D:4      | Found Buihaess's Weapon Boutique.
  5751 | D:4      | Bought a throwing net for 39 gold pieces
  5751 | D:4      | Bought a +0 spear of venom for 72 gold pieces
  6136 | D:4      | Found Homn's Antique Armour Shop.
  6158 | D:4      | Found Wac Mydd's Assorted Antiques.
  6429 | D:4      | Noticed a two-headed ogre
  6511 | D:5      | Entered Level 5 of the Dungeon
  6519 | D:5      | Reached XP level 7. HP: 38/46 MP: 9/12
  6620 | D:5      | Noticed a yak
  6620 | D:5      | Noticed a yak
  6620 | D:5      | Noticed a yak
  6685 | D:5      | Reached skill level 1 in Polearms
  6691 | D:5      | Learned a level 3 spell: Vampiric Draining
  6722 | D:5      | Noticed a two-headed ogre
  6955 | D:5      | Found a shadowy altar of Dithmenos.
  6982 | D:5      | Slain by an ogre

Illustrated notes

Levels and vault maps discovered:
D:1:      minmay_arrival_doors, layout_loops_cross
D:2:      layout_basic
D:3:      layout_basic, hellmonk_ecumenical_altar_blasted, uniq_jessica,
          uniq_sigmund
D:4:      layout_cave_pods, temple_statues, serial_shops,
          nicolae_inconvenience_store, shop, nicolae_shop_window_shopping,
          nicolae_shop_advertising_works [nicolae_subvault_shop_adworks],
          minmay_manual_mail
D:5:      layout_basic, grunt_dithmenos_smoke_and_mirrors,
          nicolae_tso_carved_into_rock, cheibrodos_sewer_entry_sluice,
          serial_shops, shop, serial_curves, eino_curves_03, eino_curves_02,
          minmay_misc_feat_four_crosses, amcnicky_mini_rare_corridor_liquid,
          corexii_leaking_fountain, minmay_manual_moon
Temple:   dshaligram_water_room_temple

Skill      XL: |  1  2  3  4  5  6  7 |
---------------+----------------------+-----
Stealth        | 2 |  2.8
Dodging        | 2 3 |  3.7
Necromancy     | 5 |  5.9
Short Blades   | 1 |  1.7
Shields        | 1 2 |  2.3
Spellcasting   | 3 |  3.9
Polearms       | 1 |  1.2

Action                   |  1- 3 |  4- 6 |  7- 9 || total
-------------------------+-------+-------+-------++-------
Melee: Short sword       |    29 |    54 |       ||    83
       Spear             |       |    28 |    16 ||    44
Throw: Throwing net      |       |       |     1 ||     1
 Cast: Pain              |    68 |    52 |    13 ||   133
Evoke: Wand              |       |       |     1 ||     1
  Use: Scroll            |       |     7 |       ||     7
       Potion            |       |     1 |       ||     1
 Stab: Sleeping          |       |     6 |       ||     6
Armor: Robe              |     5 |    28 |     6 ||    39
Dodge: Dodged            |    32 |    56 |    14 ||   102
Block: Buckler           |       |     9 |     6 ||    15

Table legend: (Time is in decaauts)
 A = Elapsed time spent in this place.
 B = Non-inter-level travel time spent in this place.
 C = Inter-level travel time spent in this place.
 D = Time resting spent in this place.
 E = Time spent auto-exploring this place.
 F = Levels seen in this place.
 G = Mean time per level.
                   A        B        C        D        E       F      G
               +--------+--------+--------+--------+--------+-----+--------+
         Total |   6999 |   6779 |    220 |   1950 |   3733 |   6 | 1166.5 |
       Dungeon |   6908 |   6709 |    199 |   1950 |   3673 |   5 | 1381.6 |
        Temple |     90 |     69 |     21 |      0 |     60 |   1 |   90.0 |
               +--------+--------+--------+--------+--------+-----+--------+

Top non-repeatable levels by time:
     D:2: 2273 daAuts
     D:4: 1892 daAuts
     D:1: 1255 daAuts
     D:3: 1252 daAuts
     D:5: 235 daAuts
  Temple: 90 daAuts
